 Dungeon Crawl Stone Soup version 0.16-a0-3186-gb3d5106 (console) character file.

8771 Kramin the Martial Artist (level 11, -1/112 HPs)
             Began as a Vine Stalker Monk on Dec 19, 2014.
             Was a High Priest of Wulndraste.
             Slain by a spiny frog (10 damage)
             ... on level 2 of the Lair of Beasts.
             The game lasted 00:35:05 (9678 turns).

Kramin the Martial Artist (Vine Stalker Monk)       Turns: 9678, Time: 00:35:05

Health: -1/112     AC:  9    Str: 19    XL:     11   Next: 36%
Magic:  0/23       EV: 16    Int: 11    God:    Wulndraste [*****.]
Gold:   797        SH:  0    Dex: 19    Spells: 0 memorised, 12 levels left

rFire  + . .     SeeInvis .       - Unarmed
rCold  . . .     Clarity  .     H - +2 ring mail {rF+} (curse)
rNeg   . . .     SustAb   .     (no shield)
rPois  .         Gourm    +     r - +1 helmet
rElec  .         Spirit   +     (no cloak)
rCorr  .         Warding  .     (no gloves)
rMut   .         Stasis   .     (no boots)
MR     ++...                    M - amulet of the gourmand
Stlth  ..........               (no ring)
                                q - ring of protection from magic

@: berserking, lethally poisoned, very quick, very resistant to hostile
enchantments, extremely unstealthy
A: fangs 3, regeneration 2, magic shield, antimagic bite, no device heal 3, rot
immunity
a: Blend In, Change of Scenery, Renounce Religion


You were on level 2 of the Lair of Beasts.
You worshipped Wulndraste.
Wulndraste was extremely pleased with you.
You were very full.

You visited 3 branches of the dungeon, and saw 13 of its levels.
You also visited: Ossuary.

You collected 797 gold pieces.

Inventory:

Hand weapons
 b - a +0 blowgun
Missiles
 E - 2 javelins (quivered)
 G - 16 poisoned needles
Armour
 r - a +1 helmet (worn)
 H - a cursed +2 ring mail of fire resistance (worn)
Magical staves
 T - an uncursed staff of energy
Jewellery
 h - an uncursed amulet of resist mutation
 k - a cursed ring of ice
 q - a ring of protection from magic (left hand)
 M - an amulet of the gourmand (around neck)
Magical devices
 n - a wand of polymorph (10)
 K - a wand of fire (8)
 P - a wand of slowing (17)
 S - a wand of cold (5)
Scrolls
 c - 3 scrolls of teleportation {unknown}
 d - 4 scrolls of recharging
 e - 3 scrolls of enchant armour
 i - 7 scrolls of remove curse
 m - 4 scrolls of fear {unknown}
 v - 2 scrolls of blinking {unknown}
 w - 5 scrolls of enchant weapon {unknown}
 y - 2 scrolls of immolation
 D - 3 scrolls of noise {unknown}
 J - 3 scrolls of fog {unknown}
 O - 2 scrolls of amnesia {unknown}
 R - 3 scrolls of identify
 V - a scroll of magic mapping {unknown}
 W - a scroll of holy word {unknown}
Potions
 f - 2 potions of brilliance
 g - 5 potions of ambrosia
 l - 2 potions of agility
 p - a potion of beneficial mutation {unknown}
 s - 2 potions of flight
 x - 3 potions of invisibility
 z - 3 potions of restore abilities
 A - a potion of resistance {unknown}
 B - 13 potions of curing
 C - a potion of haste {unknown}
 I - 2 potions of magic {unknown}
 L - a potion of lignification {unknown}
Books
 u - a book of Flames

   Spells                             Type                      Level
   a - Flame Tongue                   Conjuration/Fire             1
   b - Throw Flame                    Conjuration/Fire             2
   c - Conjure Flame                  Conjuration/Fire             3
   d - Inner Flame                    Hexes/Fire                   3
   e - Sticky Flame                   Conjuration/Fire             4
   f - Fireball                       Conjuration/Fire             5
 U - a book of Geomancy

   Spells                             Type                      Level
   a - Sandblast                      Earth                        1
   b - Stoneskin                      Transmutation/Earth          2
   c - Passwall                       Transmutation/Earth          3
   d - Stone Arrow                    Conjuration/Earth            3
   e - Petrify                        Transmutation/Earth          4
   f - Lee's Rapid Deconstruction     Earth                        5
Comestibles
 a - 6 meat rations
 o - 4 fruits
 t - 3 slices of pizza
 F - 11 bread rations
 N - 8 beef jerkies


   Skills:
 + Level 7.6 Fighting
 + Level 6.7 Dodging
 - Level 2.4 Stealth
 * Level 13.7 Unarmed Combat
 - Level 1.0 Spellcasting


You had 12 spell levels left.
You didn't know any spells.

Dungeon Overview and Level Annotations

Branches:
Dungeon (10/15)            Temple (1/1) D:4            Lair (2/8) D:10
    Orc: D:9-12

Altars:
Ashenzari
Cheibriados
Dithmenos
Elyvilon
Fedhas
Gozag
Kikubaaqudgha
Makhleb
Nemelex Xobeh
Okawaru
Qazlal
Ru
Sif Muna
Trog
Vehumet Wulndraste
Xom
Yredelemnul
Zin
The Shining One

Shops:
D:7 :

Annotations:
D:4 SharpStick's ghost, average MiFi


Innate Abilities, Weirdness & Mutations

You have razor-sharp teeth.
You heal very quickly.
When hurt, damage is shared between your health and your magic reserves.
Your bite disrupts and absorbs the magic of your enemies.
Potions and wands cannot restore your health.
You are immune to rotting.


Message History

Okay, then.
Unknown command.
Unknown command.
Unknown command.
Drink which item? (? for menu, Esc to quit)
A red film seems to cover your vision as you go berserk!
You feel yourself moving faster!
You feel mighty!
You feel sick. The spiny frog misses you. The river rat bites you.
* * * LOW HITPOINT WARNING * * *
You barely miss the spiny frog.
The spiny frog is severely wounded.
You closely miss the spiny frog. Your bite misses the spiny frog.
The spiny frog is severely wounded.
You feel sick. The spiny frog misses you.
The river rat bites you but does no damage.
You closely miss the spiny frog. You bite the spiny frog. You drain its power.
You feel invigorated.
The spiny frog is severely wounded.
You feel sick. The spiny frog stings you!!
You die...

#P.#...#.#P
..?..........
...............
.................
...................
...................
.........<.........
.......F.r..†.....!..
P..####@##†.......#
####.††....##
#.......# #.>.....#
.>......# .........#
♣♣♣...... ♣♣♣♣..


You could see a spiny frog and a river rat.

Vanquished Creatures
  A black mamba (Lair:1)
  A centaur skeleton (D:10)
  4 spiny frogs (Lair:1)
  2 two-headed ogres
  A basilisk (Lair:1)
  2 wraiths
  4 yaks (Lair:1)
  A deep elf mage (D:10)
  Eustachio (D:5)
  2 hungry ghosts (D:8)
  A steam dragon (D:10)
  A porcupine (Lair:1)
  Menkaure (D:6)
  4 water moccasins (Lair:1)
  2 orc warriors
  2 phantoms
  A sky beast (D:8)
  A centaur (D:8)
  A necrophage (D:7)
  5 ogres
  A crocodile (Lair:1)
  Blork the orc (D:7)
  A wyvern zombie (D:6)
  3 giant frogs
  3 big kobolds
  A scorpion (D:9)
  4 wights (D:8)
  2 goliath beetles
  4 centaur zombies
  6 crimson imps
  3 hounds
  A jelly (D:6)
  A giant frog skeleton (D:6)
  5 orc priests
  3 orc wizards
  3 iguanas
  13 worker ants
  5 sheep (Lair:2)
  A big kobold zombie (Ossuary)
  6 mummies
  11 gnolls
  A worker ant zombie (D:6)
  10 adders
  22 river rats
  A shadow imp (D:5)
  A white imp (D:8)
  2 giant mites
  10 worms
  An adder skeleton (D:4)
  4 giant geckos
  An ooze (D:1)
  31 orcs
  2 ball pythons
  15 bats
  A bat skeleton (D:3)
  8 giant cockroaches
  19 goblins
  10 hobgoblins
  14 jackals
  3 quokkas
  7 giant newts
  2 goblin skeletons (D:8)
  5 goblin zombies
  4 hobgoblin zombies
  30 kobolds
  3 kobold zombies
  An orc skeleton (D:8)
  2 orc zombies
  2 quokka skeletons
  A quokka zombie (D:8)
  13 rats
  A plant (D:10)
343 creatures vanquished.

Vanquished Creatures (others)
  A goblin (D:5)
1 creature vanquished.

Grand Total: 344 creatures vanquished

Notes
Turn   | Place    | Note
--------------------------------------------------------------
     0 | D:1      | Kramin, the Vine Stalker Monk, began the quest for the Orb.
     0 | D:1      | Reached XP level 1. HP: 11/11 MP: 1/1
   202 | D:1      | Reached XP level 2. HP: 16/16 MP: 3/3
   536 | D:1      | Reached XP level 3. HP: 14/19 MP: 1/4
   654 | D:1      | Reached skill level 5 in Unarmed Combat
  1181 | D:2      | Reached XP level 4. HP: 12/23 MP: 5/5
  1409 | D:2      | Reached skill level 6 in Unarmed Combat
  1541 | D:3      | Reached XP level 5. HP: 11/27 MP: 5/7
  2317 | D:4      | Reached skill level 7 in Unarmed Combat
  2371 | D:5      | Entered Level 5 of the Dungeon
  2528 | D:5      | Noticed Eustachio
  2538 | D:5      | Gained mutation: You heal very quickly. [vine stalker growth]
  2538 | D:5      | Reached XP level 6. HP: 32/32 MP: 8/8
  2567 | D:5      | Killed Eustachio
  2573 | D:5      | Reached skill level 8 in Unarmed Combat
  2584 | D:5      | Found a sand-covered staircase.
  2611 | Ossuary  | Entered an ossuary
  2759 | Ossuary  | Reached XP level 7. HP: 29/35 MP: 7/9
  2996 | D:5      | Noticed an ogre
  3000 | D:5      | Killed an ogre
  3099 | D:4      | Reached skill level 9 in Unarmed Combat
  3182 | D:4      | Found a staircase to the Ecumenical Temple.
  3208 | Temple   | Entered the Ecumenical Temple
  3453 | Temple   | Became a worshipper of Wulndraste the Wayfarer
  3453 | Temple   | Acquired Wulndraste's first power
  3453 | Temple   | Acquired Wulndraste's second power
  3497 | D:4      | Noticed SharpStick's ghost (average MiFi)
  4027 | D:5      | Reached skill level 1 in Spellcasting
  4236 | D:5      | Gained mutation: You have razor-sharp teeth. [vine stalker growth]
  4236 | D:5      | Reached XP level 8. HP: 44/44 MP: 14/14
  4363 | D:6      | Noticed Menkaure
  4391 | D:6      | Killed Menkaure
  4851 | D:6      | Reached skill level 10 in Unarmed Combat
  5196 | D:6      | Noticed a moth of wrath
  5197 | D:6      | Found a bloodstained altar of Trog.
  5696 | D:7      | Noticed a two-headed ogre
  5704 | D:7      | Killed a two-headed ogre
  5704 | D:7      | Reached XP level 9. HP: 38/50 MP: 12/15
  5729 | D:7      | Found Skiupap's Book Shoppe.
  5786 | D:7      | Acquired Wulndraste's third power
  5786 | D:7      | Noticed Blork the orc
  5801 | D:7      | Killed Blork the orc
  5845 | D:7      | Reached skill level 5 in Fighting
  6153 | D:7      | Reached skill level 11 in Unarmed Combat
  6857 | D:8      | Found a glowing golden altar of the Shining One.
  7316 | D:8      | Reached skill level 5 in Dodging
  7316 | D:8      | Reached XP level 10. HP: 63/63 MP: 19/19
  7441 | D:9      | Acquired Wulndraste's fourth power
  7613 | D:9      | Found a shadowy altar of Dithmenos.
  7759 | D:9      | Reached skill level 12 in Unarmed Combat
  7816 | D:9      | Found a burning altar of Makhleb.
  7825 | D:9      | Found a shimmering altar of Xom.
  7825 | D:9      | Found an iron altar of Okawaru.
  7827 | D:9      | Found a shadowy altar of Dithmenos.
  7830 | D:9      | Found an opulent altar of Gozag.
  8084 | D:10     | Entered Level 10 of the Dungeon
  8196 | D:10     | Found a staircase to the Lair.
  8788 | Lair:1   | Entered Level 1 of the Lair of Beasts
  8945 | Lair:1   | Reached skill level 13 in Unarmed Combat
  9031 | Lair:1   | Acquired Wulndraste's fifth power
  9104 | Lair:1   | Reached XP level 11. HP: 47/75 MP: 12/23
  9487 | Lair:1   | Noticed a black mamba
  9502 | Lair:1   | Killed a black mamba
  9678 | Lair:2   | Slain by a spiny frog

Action                   |  1- 3 |  4- 6 |  7- 9 | 10-12 || total
-------------------------+-------+-------+-------+-------++-------
Melee: Unarmed           |   106 |   213 |   527 |   373 ||  1219
Throw: Javelin           |       |     2 |       |       ||     2
  Use: Scroll            |       |     6 |    10 |       ||    16
       Potion            |       |       |       |     1 ||     1
 Stab: Sleeping          |     5 |     1 |     3 |     4 ||    13
       Distracted        |     1 |       |       |       ||     1
  Eat: Chunk             |     1 |     5 |    30 |     6 ||    42
